2849 views
Uploaded 2020-01-29 16:39:56
Game version 1.32 / 1.32.1
18:41 long 4on4 ladder game on (8)GoldRush
Saved by BaDitO2
2849 views
Uploaded 2020-01-29 16:39:56
Game version 1.32 / 1.32.1
18:41 long 4on4 ladder game on (8)GoldRush


176 units @ 22.5k
/ 3.2k
84 buildings @ 12.4k
/ 5.4k

| Rod of Necromancy | 1 | 150 |
| total: | 1 | 150g |
| Peasant | 18 | 1350 | / | 0 |
| Flying Machine | 17 | 1700 | / | 510 |
| Siege Engine | 13 | 2535 | / | 780 |
| total: | 48 | 5585g | / | 1290w |
| Scout Tower | 4 | 120 | / | 80 |
| Guard Tower | 2 | 140 | / | 100 |
| Arcane Tower | 1 | 70 | / | 50 |
| Altar of Kings | 1 | 180 | / | 50 |
| Farm | 13 | 1040 | / | 260 |
| Lumber Mill | 1 | 120 | / | 0 |
| Town Hall | 2 | 770 | / | 410 |
| Blacksmith | 1 | 140 | / | 60 |
| Barracks | 1 | 160 | / | 60 |
| Arcane Vault | 1 | 130 | / | 30 |
| Workshop | 3 | 420 | / | 420 |
| Keep | 1 | 320 | / | 210 |
| Castle | 1 | 360 | / | 210 |
| total: | 27 | 3080g | / | 1370w |
| 0:04 | Peasant |
| 0:04 | Peasant |
| 0:08 | Altar of Kings |
| 0:23 | Farm |
| 0:25 | Peasant |
| 0:39 | Lumber Mill |
| 0:50 | Peasant |
| 1:01 | Peasant |
| 1:10 | Farm |
| 1:16 | Peasant |
| 1:30 | Peasant |
| 1:37 | Peasant |
| 1:41 | Peasant |
| 1:50 | Peasant |
| 2:04 | Peasant |
| 2:05 | Peasant |
| 2:05 | Peasant |
| 2:09 | Summon Water Elemental |
| 2:24 | Peasant |
| 2:39 | Peasant |
| 3:05 | Town Hall |
| 3:08 | Scout Tower |
| 3:09 | Scout Tower |
| 3:10 | Scout Tower |
| 3:12 | Scout Tower |
| 3:16 | Peasant |
| 3:40 | Keep |
| 3:50 | Rod of Necromancy |
| 4:28 | Guard Tower |
| 4:37 | Brilliance Aura |
| 4:41 | Arcane Tower |
| 4:43 | Guard Tower |
| 5:05 | Blacksmith |
| 6:03 | Castle |
| 6:19 | Barracks |
| 6:22 | Workshop |
| 6:23 | Improved Lumber Harvesting |
| 6:55 | Workshop |
| 7:55 | Workshop |
| 8:07 | Flak Cannons |
| 8:13 | Summon Water Elemental |
| 8:21 | Black Gunpowder |
| 8:43 | Flying Machine Bombs |
| 8:46 | Advanced Lumber Harvesting |
| 9:24 | Flying Machine |
| 9:24 | Flying Machine |
| 9:24 | Flying Machine |
| 9:24 | Flying Machine |
| 9:24 | Flying Machine |
| 9:36 | Flying Machine |
| 9:52 | Iron Plating |
| 9:58 | Peasant |
| 9:58 | Peasant |
| 10:03 | Farm |
| 10:12 | Farm |
| 10:15 | Farm |
| 10:21 | Flying Machine |
| 10:34 | Farm |
| 10:53 | Refined Gunpowder |
| 10:54 | Flying Machine |
| 11:24 | Flying Machine |
| 11:24 | Flying Machine |
| 11:36 | Flying Machine |
| 11:36 | Flying Machine |
| 11:54 | Flying Machine |
| 12:17 | Flying Machine |
| 12:17 | Flying Machine |
| 12:18 | Flying Machine |
| 12:18 | Flying Machine |
| 12:49 | Barrage |
| 13:08 | Imbued Gunpowder |
| 13:29 | Siege Engine |
| 13:29 | Siege Engine |
| 13:46 | Farm |
| 13:55 | Steel Plating |
| 14:08 | Siege Engine |
| 14:32 | Farm |
| 14:35 | Farm |
| 14:36 | Farm |
| 14:38 | Farm |
| 14:39 | Farm |
| 14:46 | Siege Engine |
| 15:29 | Town Hall |
| 15:44 | Siege Engine |
| 15:52 | Arcane Vault |
| 16:11 | Siege Engine |
| 16:15 | Farm |
| 16:49 | Siege Engine |
| 18:02 | Blizzard |
| 18:03 | Blizzard |
| 18:28 | Siege Engine |
| 18:28 | Siege Engine |
| 18:28 | Siege Engine |
| 18:28 | Siege Engine |
| 18:28 | Siege Engine |
| 18:29 | Siege Engine |
| Right click | 796 |
| Select group | 343 |
| Select | 225 |
| Build/train/purchase | 101 |
| Assign group | 35 |
| Misc. action | 22 |
| Chat | 18 |
| Resource trade | 12 |
| Esc | 6 |
| Item give/drop | 3 |
| Use ability | 2 |
| Minimap ping | 1 |


| Rod of Necromancy | 2 | 300 |
| total: | 2 | 300g |
| Acolyte | 7 | 525 | / | 0 |
| Ghoul | 14 | 1680 | / | 0 |
| Necromancer | 9 | 1305 | / | 180 |
| Obsidian Statue | 2 | 400 | / | 70 |
| Banshee | 5 | 775 | / | 150 |
| total: | 37 | 4685g | / | 400w |
| Spirit Tower | 1 | 145 | / | 40 |
| Crypt | 1 | 200 | / | 50 |
| Altar of Darkness | 1 | 180 | / | 50 |
| Ziggurat | 9 | 1350 | / | 450 |
| Tomb of Relics | 1 | 130 | / | 30 |
| Graveyard | 1 | 215 | / | 0 |
| Temple of the Damned | 2 | 310 | / | 280 |
| Slaughterhouse | 1 | 140 | / | 135 |
| Halls of the Dead | 2 | 640 | / | 420 |
| Black Citadel | 1 | 325 | / | 230 |
| total: | 16 | 2525g | / | 995w |
| 0:04 | Acolyte |
| 0:04 | Acolyte |
| 0:06 | Crypt |
| 0:09 | Altar of Darkness |
| 0:33 | Ziggurat |
| 0:47 | Tomb of Relics |
| 1:09 | Ghoul |
| 1:25 | Ziggurat |
| 1:27 | Ziggurat |
| 1:28 | Ghoul |
| 2:01 | Graveyard |
| 2:46 | Ghoul |
| 2:52 | Carrion Swarm |
| 3:01 | Ghoul |
| 3:16 | Ghoul |
| 3:29 | Ghoul |
| 3:29 | Ghoul |
| 3:51 | Ghoul |
| 4:08 | Unholy Strength |
| 4:11 | Halls of the Dead |
| 4:21 | Ghoul |
| 5:30 | Unholy Armor |
| 5:42 | Rod of Necromancy |
| 5:42 | Rod of Necromancy |
| 5:46 | Ghoul |
| 5:53 | Ziggurat |
| 5:54 | Ziggurat |
| 6:31 | Vampiric Aura |
| 6:45 | Black Citadel |
| 7:08 | Cannibalize |
| 7:15 | Temple of the Damned |
| 7:31 | Frost Nova |
| 7:39 | Ghoul |
| 7:54 | Spirit Tower |
| 8:12 | Improved Unholy Strength |
| 8:16 | Ghoul |
| 8:16 | Ghoul |
| 8:46 | Ghoul |
| 8:48 | Necromancer |
| 8:49 | Necromancer |
| 9:33 | Necromancer Adept Training |
| 9:44 | Advanced Unholy Strength |
| 10:24 | Necromancer Master Training |
| 10:24 | Skeletal Mastery |
| 10:25 | Necromancer |
| 10:32 | Temple of the Damned |
| 11:02 | Slaughterhouse |
| 12:33 | Frost Armor |
| 12:35 | Sleep |
| 13:04 | Necromancer |
| 13:04 | Necromancer |
| 13:08 | Acolyte |
| 13:08 | Acolyte |
| 13:08 | Acolyte |
| 13:09 | Acolyte |
| 13:10 | Acolyte |
| 13:15 | Ziggurat |
| 13:17 | Ziggurat |
| 13:31 | Improved Unholy Armor |
| 13:49 | Destroyer Form |
| 13:51 | Obsidian Statue |
| 14:01 | Ziggurat |
| 14:02 | Ziggurat |
| 14:13 | Obsidian Statue |
| 14:17 | Necromancer |
| 14:42 | Banshee |
| 14:45 | Banshee |
| 14:46 | Banshee Adept Training |
| 15:08 | Advanced Unholy Armor |
| 16:15 | Banshee |
| 16:15 | Banshee |
| 16:15 | Banshee Master Training |
| 16:16 | Necromancer |
| 16:22 | Banshee |
| 17:07 | Sleep |
| 17:17 | Frost Armor |
| 17:23 | Necromancer |
| 17:23 | Necromancer |
| 18:27 | Vampiric Aura |
| Right click | 623 |
| Select group | 395 |
| Select | 347 |
| Build/train/purchase | 88 |
| Assign group | 49 |
| Use ability | 35 |
| Chat | 16 |
| Misc. action | 3 |
| Esc | 2 |
| Remove unit | 1 |



| Orb of Lightning | 1 | 375 |
| Potion of Healing | 2 | 300 |
| Scroll of Town Portal | 2 | 700 |
| total: | 5 | 1375g |
| Peon | 32 | 2400 | / | 0 |
| Grunt | 7 | 1400 | / | 0 |
| Troll Headhunter | 3 | 420 | / | 60 |
| Tauren | 5 | 1400 | / | 400 |
| Shaman | 4 | 520 | / | 80 |
| Troll Witch Doctor | 4 | 580 | / | 100 |
| total: | 55 | 6720g | / | 640w |
| Watch Tower | 3 | 330 | / | 240 |
| Orc Burrow | 6 | 960 | / | 240 |
| Altar of Storms | 1 | 180 | / | 50 |
| Barracks | 1 | 180 | / | 50 |
| Voodoo Lounge | 1 | 130 | / | 30 |
| War Mill | 1 | 205 | / | 0 |
| Great Hall | 4 | 1540 | / | 740 |
| Spirit Lodge | 2 | 300 | / | 300 |
| Tauren Totem | 3 | 405 | / | 465 |
| Stronghold | 1 | 315 | / | 190 |
| Fortress | 1 | 325 | / | 190 |
| total: | 22 | 4230g | / | 2115w |
| 0:04 | Peon |
| 0:04 | Peon |
| 0:06 | Peon |
| 0:22 | Peon |
| 1:07 | Orc Burrow |
| 1:10 | Altar of Storms |
| 1:11 | Peon |
| 1:23 | Barracks |
| 1:24 | Peon |
| 1:36 | Orc Burrow |
| 1:37 | Peon |
| 1:38 | Peon |
| 1:40 | Peon |
| 1:41 | Peon |
| 2:33 | Grunt |
| 2:33 | Grunt |
| 2:39 | Orc Burrow |
| 3:06 | Voodoo Lounge |
| 3:08 | Grunt |
| 3:22 | War Stomp |
| 3:34 | Grunt |
| 3:50 | Grunt |
| 4:19 | War Mill |
| 4:33 | Grunt |
| 5:13 | Great Hall |
| 5:29 | Endurance Aura |
| 5:34 | Stronghold |
| 5:54 | Watch Tower |
| 6:45 | Troll Headhunter |
| 6:46 | Troll Headhunter |
| 6:58 | War Stomp |
| 7:04 | Great Hall |
| 7:30 | Orc Burrow |
| 8:13 | Peon |
| 8:13 | Peon |
| 8:14 | Peon |
| 8:16 | Peon |
| 8:42 | Spirit Lodge |
| 8:44 | Spirit Lodge |
| 9:01 | Fortress |
| 9:21 | Healing Wave |
| 9:25 | Grunt |
| 9:26 | Troll Headhunter |
| 9:31 | Peon |
| 9:31 | Peon |
| 9:54 | Peon |
| 9:54 | Peon |
| 9:54 | Peon |
| 9:54 | Peon |
| 9:55 | Peon |
| 9:55 | Peon |
| 9:59 | Watch Tower |
| 10:09 | Shaman Adept Training |
| 10:25 | Endurance Aura |
| 10:32 | Great Hall |
| 10:42 | Tauren Totem |
| 10:44 | Tauren Totem |
| 10:51 | Hex |
| 11:12 | Witch Doctor Adept Training |
| 11:27 | Watch Tower |
| 11:33 | Shaman Master Training |
| 11:40 | Steel Armor |
| 11:54 | Peon |
| 11:54 | Peon |
| 12:03 | Tauren |
| 12:03 | Tauren |
| 12:07 | Tauren Totem |
| 12:39 | Reinforced Defenses |
| 12:40 | Spiked Barricades |
| 12:49 | Witch Doctor Master Training |
| 12:56 | Shaman |
| 12:57 | Troll Witch Doctor |
| 13:25 | Orc Burrow |
| 13:29 | Peon |
| 13:30 | Peon |
| 13:30 | Peon |
| 13:34 | Shaman |
| 13:34 | Troll Witch Doctor |
| 13:48 | Mirror Image |
| 13:58 | Pulverize |
| 14:02 | Scroll of Town Portal |
| 14:02 | Orb of Lightning |
| 14:03 | Scroll of Town Portal |
| 14:03 | Potion of Healing |
| 14:04 | Potion of Healing |
| 14:31 | Orc Burrow |
| 14:33 | Tauren |
| 14:36 | Steel Melee Weapons |
| 14:40 | Peon |
| 14:41 | Peon |
| 14:42 | Peon |
| 14:44 | Peon |
| 15:04 | Troll Regeneration |
| 15:08 | Peon |
| 16:33 | Healing Wave |
| 16:51 | War Stomp |
| 17:07 | Hex |
| 17:12 | Tauren |
| 17:12 | Tauren |
| 17:16 | Shaman |
| 17:16 | Troll Witch Doctor |
| 17:17 | Shaman |
| 17:17 | Troll Witch Doctor |
| 18:17 | Reincarnation |
| 18:20 | Healing Wave |
| 18:29 | Great Hall |
| Select | 231 |
| Right click | 220 |
| Build/train/purchase | 104 |
| Use ability | 15 |
| Select group | 13 |
| Remove unit | 5 |
| Chat | 5 |
| Assign group | 2 |
| Minimap ping | 1 |

| Peasant | 15 | 1125 | / | 0 |
| Footman | 7 | 945 | / | 0 |
| Knight | 14 | 3430 | / | 840 |
| total: | 36 | 5500g | / | 840w |
| Altar of Kings | 1 | 180 | / | 50 |
| Farm | 11 | 880 | / | 220 |
| Barracks | 3 | 480 | / | 180 |
| Lumber Mill | 1 | 120 | / | 0 |
| Town Hall | 2 | 770 | / | 410 |
| Blacksmith | 1 | 140 | / | 60 |
| Keep | 1 | 320 | / | 210 |
| Castle | 1 | 360 | / | 210 |
| total: | 19 | 2570g | / | 920w |
| 0:12 | Altar of Kings |
| 0:17 | Peasant |
| 0:17 | Peasant |
| 0:31 | Farm |
| 1:00 | Barracks |
| 1:05 | Peasant |
| 1:09 | Peasant |
| 1:33 | Farm |
| 1:41 | Peasant |
| 1:41 | Peasant |
| 1:59 | Lumber Mill |
| 2:16 | Footman |
| 2:16 | Footman |
| 2:22 | Holy Light |
| 2:47 | Peasant |
| 2:47 | Peasant |
| 3:08 | Keep |
| 3:10 | Footman |
| 3:43 | Farm |
| 3:51 | Farm |
| 4:00 | Improved Masonry |
| 4:33 | Footman |
| 4:33 | Footman |
| 4:44 | Town Hall |
| 4:57 | Devotion Aura |
| 5:16 | Blacksmith |
| 6:06 | Castle |
| 6:14 | Barracks |
| 6:17 | Footman |
| 6:17 | Footman |
| 6:32 | Iron Forged Swords |
| 6:32 | Iron Plating |
| 7:27 | Farm |
| 7:35 | Devotion Aura |
| 8:14 | Peasant |
| 8:14 | Peasant |
| 8:14 | Peasant |
| 8:15 | Peasant |
| 8:21 | Barracks |
| 8:24 | Farm |
| 8:26 | Farm |
| 8:31 | Knight |
| 8:31 | Knight |
| 8:55 | Knight |
| 9:48 | Steel Forged Swords |
| 9:48 | Steel Plating |
| 9:52 | Peasant |
| 9:52 | Peasant |
| 9:52 | Peasant |
| 9:55 | Improved Lumber Harvesting |
| 10:33 | Sundering Blades |
| 10:36 | Knight |
| 10:37 | Knight |
| 11:29 | Knight |
| 11:29 | Knight |
| 11:40 | Holy Light |
| 11:53 | Animal War Training |
| 12:16 | Farm |
| 12:22 | Farm |
| 12:53 | Mithril Forged Swords |
| 14:01 | Knight |
| 14:04 | Farm |
| 14:09 | Farm |
| 14:13 | Mithril Plating |
| 14:18 | Advanced Lumber Harvesting |
| 14:20 | Advanced Masonry |
| 16:44 | Devotion Aura |
| 17:03 | Knight |
| 17:04 | Knight |
| 17:04 | Knight |
| 17:04 | Knight |
| 17:04 | Knight |
| 17:04 | Knight |
| 17:43 | Resurrection |
| 18:27 | Town Hall |
| Right click | 304 |
| Select | 164 |
| Build/train/purchase | 64 |
| Use ability | 21 |
| Select group | 18 |
| Assign group | 10 |
| Remove unit | 1 |
139 units @ 18k
/ 2.3k
100 buildings @ 12.8k
/ 4.9k


| Peon | 10 | 750 | / | 0 |
| Grunt | 10 | 2000 | / | 0 |
| Troll Headhunter | 6 | 840 | / | 120 |
| Demolisher | 3 | 660 | / | 150 |
| total: | 29 | 4250g | / | 270w |
| Watch Tower | 3 | 330 | / | 240 |
| Orc Burrow | 8 | 1280 | / | 320 |
| Altar of Storms | 1 | 180 | / | 50 |
| Barracks | 1 | 180 | / | 50 |
| War Mill | 1 | 205 | / | 0 |
| Voodoo Lounge | 1 | 130 | / | 30 |
| Great Hall | 1 | 385 | / | 185 |
| Stronghold | 1 | 315 | / | 190 |
| total: | 16 | 2690g | / | 875w |
| 0:06 | Peon |
| 0:06 | Peon |
| 0:06 | Peon |
| 0:06 | Peon |
| 0:15 | Peon |
| 0:15 | Peon |
| 0:15 | Peon |
| 0:34 | Orc Burrow |
| 0:56 | Altar of Storms |
| 1:25 | Barracks |
| 1:30 | Orc Burrow |
| 2:02 | War Mill |
| 2:13 | Voodoo Lounge |
| 3:01 | Grunt |
| 3:01 | Grunt |
| 3:02 | Grunt |
| 3:32 | Watch Tower |
| 3:37 | Steel Melee Weapons |
| 3:56 | Troll Headhunter |
| 3:56 | Troll Headhunter |
| 3:56 | Troll Headhunter |
| 4:07 | Steel Ranged Weapons |
| 4:09 | Spiked Barricades |
| 4:14 | Backpack |
| 4:27 | Chain Lighting |
| 6:08 | Watch Tower |
| 6:14 | Orc Burrow |
| 6:17 | Orc Burrow |
| 6:34 | Pillage |
| 6:42 | Steel Armor |
| 6:51 | Grunt |
| 6:52 | Grunt |
| 6:52 | Troll Headhunter |
| 6:52 | Troll Headhunter |
| 6:53 | Troll Headhunter |
| 7:20 | Orc Burrow |
| 7:31 | Stronghold |
| 8:00 | Feral Spirit |
| 9:21 | Orc Burrow |
| 9:32 | Watch Tower |
| 9:56 | Thorium Melee Weapons |
| 9:56 | Thorium Ranged Weapons |
| 9:58 | Improved Spiked Barricades |
| 10:14 | Demolisher |
| 10:15 | Demolisher |
| 10:15 | Demolisher |
| 10:43 | Peon |
| 10:43 | Peon |
| 10:43 | Peon |
| 11:23 | Reinforced Defenses |
| 11:42 | Orc Burrow |
| 11:47 | Orc Burrow |
| 13:17 | Summon Lava Spawn |
| 13:54 | Feral Spirit |
| 14:13 | Great Hall |
| 17:39 | Grunt |
| 17:39 | Grunt |
| 17:40 | Grunt |
| 17:40 | Grunt |
| 17:40 | Grunt |
| Right click | 223 |
| Select | 136 |
| Build/train/purchase | 52 |
| Esc | 8 |
| Use ability | 7 |



| Rod of Necromancy | 1 | 150 |
| Orb of Corruption | 1 | 375 |
| Scroll of Town Portal | 2 | 700 |
| Orb of Venom | 1 | 325 |
| total: | 5 | 1550g |
| Acolyte | 9 | 675 | / | 0 |
| Ghoul | 3 | 360 | / | 0 |
| Crypt Fiend | 9 | 1935 | / | 360 |
| Obsidian Statue | 4 | 800 | / | 140 |
| total: | 25 | 3770g | / | 500w |
| Nerubian Tower | 1 | 100 | / | 20 |
| Spirit Tower | 2 | 290 | / | 80 |
| Crypt | 2 | 400 | / | 100 |
| Graveyard | 1 | 215 | / | 0 |
| Altar of Darkness | 1 | 180 | / | 50 |
| Ziggurat | 7 | 1050 | / | 350 |
| Tomb of Relics | 2 | 260 | / | 60 |
| Necropolis | 1 | 225 | / | 0 |
| Slaughterhouse | 1 | 140 | / | 135 |
| Halls of the Dead | 1 | 320 | / | 210 |
| Black Citadel | 1 | 325 | / | 230 |
| total: | 15 | 2470g | / | 695w |
| 0:03 | Acolyte |
| 0:03 | Acolyte |
| 0:09 | Crypt |
| 0:26 | Graveyard |
| 0:45 | Altar of Darkness |
| 0:55 | Ziggurat |
| 1:12 | Ghoul |
| 1:27 | Tomb of Relics |
| 1:30 | Tomb of Relics |
| 1:49 | Crypt Fiend |
| 2:00 | Ziggurat |
| 2:19 | Nerubian Tower |
| 2:35 | Acolyte |
| 2:54 | Ghoul |
| 2:59 | Rod of Necromancy |
| 3:09 | Ghoul |
| 3:12 | Death Coil |
| 3:54 | Crypt Fiend |
| 3:57 | Acolyte |
| 4:37 | Unholy Aura |
| 4:59 | Crypt Fiend |
| 5:02 | Halls of the Dead |
| 5:28 | Ziggurat |
| 5:52 | Creature Attack |
| 6:46 | Necropolis |
| 6:55 | Creature Carapace |
| 7:08 | Crypt Fiend |
| 7:27 | Slaughterhouse |
| 7:59 | Black Citadel |
| 8:13 | Web |
| 8:32 | Acolyte |
| 8:32 | Acolyte |
| 8:32 | Acolyte |
| 8:33 | Acolyte |
| 8:57 | Death Coil |
| 9:00 | Frost Nova |
| 9:17 | Crypt Fiend |
| 9:18 | Obsidian Statue |
| 9:18 | Obsidian Statue |
| 9:44 | Crypt Fiend |
| 9:54 | Spirit Tower |
| 10:22 | Ziggurat |
| 10:23 | Ziggurat |
| 10:24 | Ziggurat |
| 10:25 | Ziggurat |
| 10:35 | Acolyte |
| 10:37 | Orb of Corruption |
| 10:40 | Destroyer Form |
| 11:02 | Improved Creature Attack |
| 11:11 | Crypt |
| 11:34 | Silence |
| 11:55 | Crypt Fiend |
| 12:15 | Crypt Fiend |
| 12:17 | Obsidian Statue |
| 13:31 | Spirit Tower |
| 13:33 | Crypt Fiend |
| 13:40 | Advanced Creature Attack |
| 14:27 | Dark Ritual |
| 14:51 | Obsidian Statue |
| 15:19 | Scroll of Town Portal |
| 15:19 | Scroll of Town Portal |
| 15:19 | Orb of Venom |
| 15:38 | Life Drain |
| 16:11 | Unholy Aura |
| 17:30 | Silence |
| Right click | 1135 |
| Select group | 625 |
| Select | 263 |
| Build/train/purchase | 60 |
| Use ability | 35 |
| Assign group | 27 |
| Chat | 14 |
| Minimap ping | 6 |
| Item give/drop | 4 |



| Rod of Necromancy | 1 | 150 |
| total: | 1 | 150g |
| Wisp | 26 | 1560 | / | 0 |
| Archer | 4 | 520 | / | 40 |
| Huntress | 2 | 390 | / | 40 |
| Druid of the Claw | 7 | 1785 | / | 560 |
| Dryad | 8 | 1160 | / | 480 |
| total: | 47 | 5415g | / | 1120w |
| Ancient Protector | 3 | 405 | / | 240 |
| Altar of Elders | 1 | 180 | / | 50 |
| Moon Well | 8 | 1440 | / | 320 |
| Ancient of War | 1 | 150 | / | 60 |
| Hunter's Hall | 1 | 210 | / | 100 |
| Ancient of Wonders | 1 | 90 | / | 30 |
| Tree of Life | 2 | 680 | / | 370 |
| Ancient of Lore | 2 | 310 | / | 290 |
| Tree of Ages | 1 | 320 | / | 180 |
| Tree of Eternity | 1 | 330 | / | 200 |
| total: | 19 | 3465g | / | 1460w |
| 0:15 | Altar of Elders |
| 0:18 | Moon Well |
| 0:19 | Wisp |
| 0:19 | Wisp |
| 0:20 | Wisp |
| 0:20 | Wisp |
| 0:33 | Wisp |
| 0:49 | Wisp |
| 0:49 | Wisp |
| 1:14 | Ancient of War |
| 1:37 | Moon Well |
| 1:53 | Wisp |
| 1:53 | Wisp |
| 2:17 | Archer |
| 2:17 | Archer |
| 2:17 | Archer |
| 2:20 | Immolation |
| 2:24 | Wisp |
| 2:39 | Hunter's Hall |
| 2:59 | Archer |
| 3:04 | Wisp |
| 3:09 | Ancient of Wonders |
| 3:38 | Moon Well |
| 3:44 | Strength of the Wild |
| 3:59 | Huntress |
| 4:22 | Tree of Ages |
| 4:44 | Moon Well |
| 5:08 | Mana Burn |
| 5:14 | Huntress |
| 5:51 | Rod of Necromancy |
| 6:18 | Tree of Life |
| 7:23 | Immolation |
| 7:37 | Wisp |
| 7:37 | Wisp |
| 7:41 | Moon Well |
| 7:46 | Ancient of Lore |
| 7:55 | Ancient of Lore |
| 8:00 | Wisp |
| 8:41 | Wisp |
| 8:41 | Wisp |
| 8:41 | Wisp |
| 8:41 | Wisp |
| 8:41 | Wisp |
| 8:58 | Reinforced Hides |
| 8:59 | Tree of Eternity |
| 9:06 | Moon Well |
| 9:09 | Druid of the Claw Adept Training |
| 9:10 | Abolish Magic |
| 9:13 | Trueshot Aura |
| 9:55 | Druid of the Claw |
| 10:25 | Wisp |
| 10:25 | Wisp |
| 10:25 | Wisp |
| 10:42 | Moon Well |
| 10:50 | Improved Strength of the Wild |
| 10:55 | Dryad |
| 10:58 | Druid of the Claw |
| 11:00 | Druid of the Claw |
| 11:00 | Druid of the Claw |
| 11:02 | Dryad |
| 11:26 | Wisp |
| 11:30 | Druid of the Claw Master Training |
| 11:33 | Dryad |
| 11:37 | Moon Well |
| 12:11 | Dryad |
| 12:12 | Druid of the Claw |
| 12:28 | Tree of Life |
| 13:03 | Ancient Protector |
| 13:06 | Ancient Protector |
| 13:09 | Ancient Protector |
| 13:16 | Wisp |
| 13:17 | Wisp |
| 13:17 | Wisp |
| 13:23 | Mark of the Claw |
| 13:28 | Dryad |
| 13:28 | Dryad |
| 14:06 | Druid of the Claw |
| 14:06 | Druid of the Claw |
| 14:57 | Dryad |
| 14:58 | Dryad |
| 16:02 | Force of Nature |
| 16:37 | Evasion |
| 16:49 | Advanced Strength of the Wild |
| 17:47 | Searing Arrows |
| Right click | 430 |
| Select | 230 |
| Build/train/purchase | 124 |
| Misc. action | 33 |
| Resource trade | 15 |
| Use ability | 7 |
| Esc | 4 |
| Minimap ping | 3 |
| Item give/drop | 2 |


| Scroll of Regeneration | 2 | 200 |
| Lesser Clarity Potion | 1 | 70 |
| Potion of Healing | 3 | 450 |
| Potion of Mana | 2 | 400 |
| total: | 8 | 1120g |
| Peasant | 24 | 1800 | / | 0 |
| Footman | 7 | 945 | / | 0 |
| Rifleman | 2 | 410 | / | 60 |
| Gryphon Rider | 5 | 1400 | / | 350 |
| total: | 38 | 4555g | / | 410w |
| Scout Tower | 22 | 660 | / | 440 |
| Arcane Tower | 1 | 70 | / | 50 |
| Guard Tower | 4 | 280 | / | 200 |
| Altar of Kings | 1 | 180 | / | 50 |
| Farm | 15 | 1200 | / | 300 |
| Barracks | 1 | 160 | / | 60 |
| Arcane Vault | 3 | 390 | / | 90 |
| Town Hall | 2 | 770 | / | 410 |
| Blacksmith | 1 | 140 | / | 60 |
| Lumber Mill | 2 | 240 | / | 0 |
| Gryphon Aviary | 3 | 420 | / | 450 |
| Keep | 1 | 320 | / | 210 |
| Castle | 1 | 360 | / | 210 |
| total: | 50 | 4160g | / | 1860w |
| 0:03 | Peasant |
| 0:03 | Peasant |
| 0:03 | Peasant |
| 0:03 | Peasant |
| 0:36 | Altar of Kings |
| 0:53 | Farm |
| 1:00 | Farm |
| 1:03 | Peasant |
| 1:03 | Peasant |
| 1:06 | Barracks |
| 1:09 | Peasant |
| 1:09 | Peasant |
| 1:23 | Peasant |
| 1:37 | Farm |
| 1:38 | Farm |
| 1:40 | Farm |
| 1:41 | Farm |
| 1:48 | Peasant |
| 2:10 | Footman |
| 2:10 | Footman |
| 2:17 | Farm |
| 2:18 | Farm |
| 2:18 | Farm |
| 2:19 | Farm |
| 2:25 | Scout Tower |
| 2:31 | Peasant |
| 2:45 | Holy Light |
| 2:57 | Footman |
| 2:58 | Arcane Tower |
| 3:00 | Peasant |
| 3:11 | Footman |
| 3:38 | Footman |
| 3:38 | Footman |
| 3:45 | Peasant |
| 4:10 | Arcane Vault |
| 4:31 | Footman |
| 4:33 | Peasant |
| 4:43 | Divine Shield |
| 5:20 | Keep |
| 5:44 | Town Hall |
| 6:07 | Scout Tower |
| 6:08 | Scout Tower |
| 6:09 | Scout Tower |
| 6:10 | Scout Tower |
| 6:11 | Scout Tower |
| 6:12 | Scout Tower |
| 6:12 | Scout Tower |
| 6:35 | Blacksmith |
| 6:38 | Lumber Mill |
| 6:43 | Scroll of Regeneration |
| 6:51 | Scroll of Regeneration |
| 6:56 | Lesser Clarity Potion |
| 7:24 | Scout Tower |
| 7:25 | Scout Tower |
| 7:25 | Scout Tower |
| 7:26 | Scout Tower |
| 7:27 | Scout Tower |
| 7:28 | Scout Tower |
| 7:38 | Peasant |
| 7:38 | Peasant |
| 7:54 | Holy Light |
| 8:08 | Castle |
| 8:26 | Lumber Mill |
| 9:39 | Guard Tower |
| 9:44 | Rifleman |
| 9:44 | Rifleman |
| 10:15 | Storm Bolt |
| 10:29 | Guard Tower |
| 10:35 | Gryphon Aviary |
| 10:36 | Gryphon Aviary |
| 10:41 | Gryphon Aviary |
| 10:44 | Improved Lumber Harvesting |
| 10:46 | Improved Masonry |
| 10:50 | Iron Forged Swords |
| 10:50 | Studded Leather Armor |
| 10:52 | Peasant |
| 10:53 | Peasant |
| 10:53 | Peasant |
| 10:53 | Peasant |
| 11:11 | Peasant |
| 11:11 | Peasant |
| 11:12 | Peasant |
| 11:17 | Farm |
| 11:18 | Farm |
| 11:18 | Farm |
| 11:19 | Farm |
| 11:21 | Farm |
| 11:24 | Arcane Vault |
| 11:40 | Bash |
| 11:53 | Peasant |
| 12:01 | Gryphon Rider |
| 12:01 | Gryphon Rider |
| 12:08 | Gryphon Rider |
| 12:27 | Potion of Healing |
| 12:28 | Potion of Mana |
| 12:31 | Potion of Healing |
| 13:18 | Advanced Lumber Harvesting |
| 13:18 | Advanced Masonry |
| 13:22 | Steel Forged Swords |
| 13:23 | Reinforced Leather Armor |
| 13:34 | Town Hall |
| 13:37 | Scout Tower |
| 13:38 | Scout Tower |
| 13:39 | Scout Tower |
| 13:40 | Scout Tower |
| 13:41 | Scout Tower |
| 13:48 | Arcane Vault |
| 14:26 | Scout Tower |
| 14:27 | Scout Tower |
| 14:28 | Scout Tower |
| 14:35 | Gryphon Rider |
| 14:36 | Storm Hammers |
| 14:56 | Guard Tower |
| 15:06 | Imbued Masonry |
| 15:42 | Gryphon Rider |
| 15:46 | Guard Tower |
| 16:57 | Divine Shield |
| 17:38 | Potion of Healing |
| 17:38 | Potion of Mana |
| Right click | 395 |
| Select group | 218 |
| Select | 205 |
| Build/train/purchase | 81 |
| Use ability | 22 |
| Assign group | 17 |
| Item give/drop | 3 |
| Remove unit | 2 |
| Esc | 1 |
⇛